AoeStats
← xlalox corona

Glade

503337283Analyzed
1v1 RM · 1mo ago on Aug 31, 2026· 56m 28s· 2 players
Game mode
Random Map
Map size
Tiny (2 player)
Population
200
Speed
Normal
Resources
Standard
Victory
Conquest
Starting age
Dark Age
Ending age
Imperial Age
RankedLock teamsTeams togetherTeam positionsShared explorationLock speedFull tech treeHidden civsTurbo modeCheats
Victory
Defeat
🇺🇸 Ethiopians · United States
1600
+19
🇲🇽 Spanish · Mexico
1661
-19
xlalox corona
6:03 Loom
8:49 Feudal Age
13:08 Town Watch
23:27 Castle Age
21:43 Fletching
22:16 Double-Bit Axe
25:03 Bow Saw
28:37 Imperial Age
29:47 Onager
38:55 Scale Barding Armor
39:40 Bloodlines
39:30 Husbandry
41:01 Forging
42:44 Chain Barding Armor
44:49 Wheelbarrow
45:09 Plate Barding Armor
46:05 Iron Casting
46:54 Cavalier
48:55 Blast Furnace
49:20 Hand Cart
50:29 Chemistry
ENroth
9:49 Feudal Age
13:49 Castle Age
12:20 Double-Bit Axe
15:10 Bow Saw
17:18 Loom
19:31 Horse Collar
20:34 Fletching
22:40 Heavy Plow
24:05 Gold Mining
24:23 Town Watch
29:01 Imperial Age
27:48 Wheelbarrow
28:07 Masonry
30:42 Chemistry
29:58 Torsion Engines
33:51 Heavy Scorpion
36:49 Two-Man Saw
37:44 Siege Engineers
47:14 Architecture
46:41 Murder Holes
49:57 Squires
49:18 Halberdier
50:46 Conscription
Connection lost

Rejoining the realm…

Still unreachable

The connection could not be restored.

Session expired

The server has moved on; the page needs a fresh start.